 Dungeon Crawl Stone Soup version 0.29.1-15-g9cfb28693d (webtiles) character file.

Game seed: 3999551509031000093

114 Heoruswealwe the Magician (level 4, -1/24 HPs)
             Began as a Deep Elf Earth Elementalist on Apr 25, 2023.
             Slain by Pikel
             ... wielding a +0 whip of flaming
              (9 damage)
             ... on level 5 of the Dungeon.
             The game lasted 00:21:18 (2833 turns).

Heoruswealwe the Magician (DEEE)                    Turns: 2833, Time: 00:21:20

Health: -1/24      AC:  5    Str:  5    XL:     4   Next: 67%
Magic:  5/13       EV: 12    Int: 22    God:
Gold:   211        SH:  0    Dex: 15    Spells: 3/13 levels left

rFire   . . .      SeeInvis .   l - +0 war axe
rCold   . . .      Faith    .   (no shield)
rNeg    . . .      Spirit   .   h - +0 robe
rPois   .          Reflect  .   (no helmet)
rElec   .          Harm     .   (no cloak)
rCorr   .          Rampage  .   s - +1 pair of gloves
Will    .....                   g - +0 pair of boots
Stlth   ++........              (no amulet)
HPRegen 0.08/turn               (no ring)
MPRegen 0.13/turn               (no ring)

@: very slightly contaminated
A: no striking features
a: no special abilities


You were on level 5 of the Dungeon.
You visited 1 branch of the dungeon, and saw 5 of its levels.

You collected 211 gold pieces.

Inventory:

Hand Weapons
 l - a +0 war axe (weapon)
Armour
 a - a +0 robe
 e - a +0 robe
 f - a +0 robe
 g - a +0 pair of boots (worn)
 h - a +0 robe (worn)
 p - a +0 robe
 s - a +1 pair of gloves (worn)
Magical Staves
 i - a staff of death
Wands
 w - a wand of paralysis (8)
Scrolls
 j - 4 scrolls of teleportation
 k - a scroll of amnesia
 r - a scroll of blinking {unknown}
 t - a scroll of magic mapping {unknown}
 u - a scroll of torment {unknown}
 x - a scroll of vulnerability {unknown}
Potions
 b - a potion of magic
 c - a potion of berserk rage {unknown}
 d - a potion of mutation {unknown}
 m - 3 potions of attraction {unknown}
 n - a potion of haste {unknown}
 o - 3 potions of curing {unknown}
 q - a potion of flight {unknown}
 v - a potion of brilliance {unknown}
 z - a potion of invisibility {unknown}


   Skills:
 - Level 2.4 Dodging
 - Level 2.4 Stealth
 + Level 5.2 Spellcasting
 - Level 1.1 Transmutations
 + Level 4.8 Earth Magic


You had 3 spell levels left.
You knew the following spells:

 Your Spells              Type           Power      Damage    Failure   Level
a - Sandblast             Erth           54%        2d13      1%          1
b - Stone Arrow           Conj/Erth      32%        3d9       11%         3
c - Petrify               Tmut/Erth      18%        N/A       28%         4
z - Passwall              Tmut/Erth      15%        N/A       4%          2

Your spell library contained the following spells:

 Spells                   Type           Power      Damage    Failure   Level
 Apportation              Tloc           10%        N/A       10%         1
 Necrotise                Necr           20%        1d5       10%         1
 Summon Small Mammal      Summ           20%        N/A       10%         1
 Corpse Rot               Necr/Pois/Air  5%         N/A       69%         4
 Dispel Undead            Necr           5%         3d7       69%         4
 Death Channel            Necr           2%         N/A       100%        6


Dungeon Overview and Level Annotations

Branches:
Dungeon (5/15)
 Temple: D:4-7

Altars:
Hepliaklqana

Annotations:
D:5 Pikel


Message History

The lemure is moderately wounded.
The lemure closely misses you.
The blast of sand hits the lemure!!
You kill the lemure!
That felt strangely unrewarding.
The blast of sand hits Pikel.
Pikel is lightly wounded.
The blast of sand misses Pikel.
Pikel closely misses you. Pikel hits you but does no damage.
The blast of sand hits Pikel but does no damage.
Pikel is lightly wounded.
Pikel barely misses you.
The blast of sand hits Pikel but does no damage.
Pikel is lightly wounded.
Pikel hits you with a +0 whip of flaming.
Pikel burns you. Pikel misses you.
The blast of sand hits Pikel.
Pikel is lightly wounded.
Pikel hits you with a +0 whip of flaming.
Pikel burns you.
You are too injured to fight recklessly!
Casting: Sandblast (safe; 1% risk of failure)
Confirm with . or Enter, or press ? or * to list all spells.
Aiming: Sandblast (safe; 1% risk of failure)
Press: ? - help, Shift-Dir - straight line, f/p - Pikel
Aim: Pikel, wielding a +0 whip of flaming and wearing a +2 robe of fire resistance (lightly wounded, 79% to hit)
You miscast Sandblast.
You are very lightly contaminated with residual magic.
Nothing appears to happen.
Pikel says, "Time is money, and you're costing me too much!"
Pikel misses you.
Casting: Sandblast (safe; 1% risk of failure)
Confirm with . or Enter, or press ? or * to list all spells.
Aiming: Sandblast (safe; 1% risk of failure)
Press: ? - help, Shift-Dir - straight line, f/p - Pikel
Aim: Pikel, wielding a +0 whip of flaming and wearing a +2 robe of fire resistance (lightly wounded, 79% to hit)
The blast of sand hits Pikel.
Pikel is moderately wounded.
Pikel hits you with a +0 whip of flaming!
You die...

.## ..# #5# ####
#5# ..# #K# #.#
#.# #>###.###5#
#......@K5#
#####.##### #.#
#.# #.# ###.#
##.#.#
####....########
+...............


You could see Pikel and 2 lemures.

Vanquished Creatures
  A lemure (D:5)
  A howler monkey (D:5)
  A hound (D:4)
  3 adders
  3 worms
  A dart slug (D:3)
  6 orcs (D:3)
  3 endoplasms
  8 goblins
  3 hobgoblins
  2 quokkas
  3 ball pythons
  4 bats
  3 frilled lizards
  8 kobolds
  7 rats
57 creatures vanquished.

Notes
Turn   | Place    | Note
-------+----------+-------------------------------------------
     0 | D:1      | Heoruswealwe the Deep Elf Earth Elementalist began the
                  | quest for the Orb.
     0 | D:1      | Reached XP level 1. HP: 10/10 MP: 6/6
   247 | D:1      | Reached XP level 2. HP: 13/15 MP: 3/8
   252 | D:1      | Learned a level 2 spell: Passwall
   342 | D:1      | Found a faded altar of an unknown god.
   350 | D:1      | Prayed at the altar of an unknown god.
   350 | D:1      | Became a worshipper of Hepliaklqana the Forgotten
   350 | D:1      | Reached * piety under Hepliaklqana
   351 | D:1      | Fell from the grace of Hepliaklqana
  1571 | D:3      | Was forgiven by Hepliaklqana
  1602 | D:3      | Reached skill level 4 in Spellcasting
  1653 | D:3      | Reached XP level 3. HP: 19/19 MP: 2/10
  1665 | D:3      | Learned a level 3 spell: Stone Arrow
  2332 | D:4      | Reached XP level 4. HP: 18/24 MP: 6/12
  2338 | D:4      | Learned a level 4 spell: Petrify
  2770 | D:5      | Entered Level 5 of the Dungeon
  2806 | D:5      | Reached skill level 5 in Spellcasting
  2821 | D:5      | Noticed Pikel
  2821 | D:5      | Noticed a lemure
  2821 | D:5      | Noticed a lemure
  2821 | D:5      | Noticed a lemure
  2822 | D:5      | Noticed a lemure
  2826 | D:5      | Killed a lemure
  2833 | D:5      | Slain by Pikel

Illustrated notes

Levels and vault maps discovered:
D:1:      dpeg_arrival_more_subterranean_lakeside_camping, layout_basic,
          hellmonk_ecumenical_altar_prayer_group, hangedman_abyss_or_decor_stabs
D:2:      layout_loops_corners, minivault_24, minmay_tetromino_l4
D:3:      layout_rooms
D:4:      layout_basic
D:5:      layout_loops_corners, general_overflow_altar,
          nicolae_hepliaklqana_hazy_memory, serial_shops,
          nicolae_shop_hallway_plus, doesnt_shop_hydraphobe, uniq_blork_the_orc,
          uniq_pikel

Skill      XL: |  1  2  3  4 |
---------------+-------------+-----
Spellcasting   | 4 5 |  5.2
Earth Magic    | 4 |  4.8
Dodging        | |  2.4
Stealth        | |  2.4
Transmutations | |  1.1

Action                   |  1- 3 |  4- 6 || total
-------------------------+-------+-------++-------
 Cast: Sandblast         |    77 |    13 ||    90
       Passwall          |     1 |       ||     1
Invok: Renounce Religion |     1 |       ||     1
  Use: Scroll            |     3 |     1 ||     4
Armor: Robe              |     4 |     2 ||     6
Dodge: Dodged            |    16 |     7 ||    23
